AoeStats
← ceu

MegaRandom

505092160Analyzed
4v4 RM · 23d ago on Sep 7, 2026· 58m 49s· 8 players
Game mode
Random Map
Map size
Large (8 player)
Population
200
Speed
Normal
Resources
Standard
Victory
Conquest
Starting age
Dark Age
Ending age
Imperial Age
RankedLock teamsTeams togetherTeam positionsShared explorationLock speedFull tech treeHidden civsTurbo modeCheats
Victory
Defeat
🇩🇪 Teutons · Germany
860
+9
🇮🇹 Byzantines · Italy
760
+13
🇮🇹 Spanish · Italy
721
+15
🇩🇪 Franks · Germany
719
+15
🇺🇸 Huns · United States
716
-34
🇫🇷 Franks · France
700
-13
🇵🇪 Teutons · Peru
699
-13
🇩🇪 Inca · Germany
677
-12
chens_pancake
4:05 Loom
18:09 Feudal Age
19:47 Wheelbarrow
20:00 Double-Bit Axe
23:16 Town Watch
27:14 Castle Age
Chelito
3:42 Loom
19:22 Feudal Age
19:59 Champi Runner
20:24 Arson
20:26 Horse Collar
21:44 Double-Bit Axe
22:42 Gold Mining
25:17 Stone Mining
40:34 Castle Age
38:53 Scale Mail Armor
38:44 Fletching
40:03 Padded Archer Armor
40:14 Forging
41:37 Heavy Plow
41:48 Bow Saw
41:45 Crossbowman
43:15 Champi Warrior
43:57 Squires
47:45 Thumb Ring
49:00 Wheelbarrow
50:29 Gold Shaft Mining
50:30 Stone Shaft Mining
52:56 Andean Sling
57:11 Imperial Age
54:28 Town Watch
56:18 Masonry
55:48 Treadmill Crane
55:59 Heated Shot
56:29 Ballistics
crbrady28
9:56 Loom
20:11 Feudal Age
23:26 Wheelbarrow
29:20 Bloodlines
39:35 Castle Age
37:22 Town Watch
40:47 Husbandry
40:09 Light Cavalry
45:52 Hand Cart
45:37 Town Patrol
46:04 Fervor
47:41 Devotion
50:27 Stone Mining
50:29 Gold Mining
51:21 Pikeman
52:02 Squires
51:48 Arson
51:24 Man-at-Arms
52:29 Elite Skirmisher
52:29 Crossbowman
53:15 Thumb Ring
55:46 Gold Shaft Mining
54:57 Horse Collar
59:16 Scale Barding Armor
DANIELOBO
5:12 Loom
20:29 Feudal Age
26:31 Castle Age
25:17 Gold Mining
25:59 Stone Mining
25:55 Horse Collar
31:24 Heavy Plow
33:44 Double-Bit Axe
34:59 Bloodlines
37:34 Bow Saw
43:38 Imperial Age
44:02 Stone Shaft Mining
44:57 Pikeman
45:38 Squires
46:58 Conscription
47:30 Forging
47:21 Scale Mail Armor
49:23 Two-Man Saw
Palmiro Togliatti
5:39 Loom
22:54 Feudal Age
23:37 Double-Bit Axe
23:37 Horse Collar
23:42 Man-at-Arms
24:08 Arson
25:11 Wheelbarrow
31:52 Castle Age
33:22 Bow Saw
33:18 Heavy Plow
33:35 Hand Cart
33:04 Pikeman
33:56 Thumb Ring
38:38 Gold Mining
38:38 Stone Mining
42:24 Imperial Age
40:27 Caravan
44:55 Two-Man Saw
44:41 Stone Shaft Mining
45:01 Cavalier
45:44 Husbandry
45:54 Bloodlines
46:08 Capped Ram
47:05 Halberdier
48:07 Forging
47:58 Scale Mail Armor
48:04 Scale Barding Armor
48:00 Padded Archer Armor
47:51 Fletching
49:04 Chemistry
48:25 Ballistics
48:01 Murder Holes
48:17 Masonry
47:37 Siege Ram
48:42 Conscription
48:49 Supremacy
48:29 Inquisition
47:49 Elite Conquistador
49:15 Paladin
50:45 Bombard Tower
51:04 Iron Casting
50:46 Chain Mail Armor
50:51 Chain Barding Armor
50:42 Squires
50:28 Gambesons
50:04 Long Swordsman
56:59 Elite Conquistador
58:15 Hoardings
57:56 Onager
58:00 Light Cavalry
58:08 Two-Handed Swordsman
ceu
4:53 Loom
17:15 Feudal Age
18:32 Wheelbarrow
17:41 Horse Collar
17:49 Double-Bit Axe
26:30 Castle Age
25:42 Fletching
26:03 Forging
25:54 Scale Mail Armor
28:07 Hand Cart
28:04 Bow Saw
27:57 Heavy Plow
30:08 Stone Mining
30:09 Gold Mining
30:41 Bodkin Arrow
31:54 Town Watch
36:23 Caravan
39:15 Imperial Age
39:24 Imperial Age
37:35 Iron Casting
37:06 Scale Barding Armor
38:30 Bloodlines
40:44 Hoardings
41:31 Masonry
41:51 Ballistics
43:32 Conscription
43:33 Ironclad
43:24 Town Patrol
45:07 Chemistry
45:22 Two-Man Saw
44:47 Ballistics
45:25 Crop Rotation
44:25 Cavalier
47:00 Blast Furnace
46:21 Chain Barding Armor
46:19 Chain Mail Armor
47:25 Paladin
48:42 Chain Mail Armor
49:45 Plate Barding Armor
53:58 Elite Teutonic Knight
57:04 Siege Engineers
57:34 Plate Mail Armor
flavioroma88
17:09 Feudal Age
18:49 Wheelbarrow
18:04 Double-Bit Axe
18:40 Loom
35:32 Castle Age
38:22 Hand Cart
39:19 Forging
41:44 Scale Barding Armor
43:52 Fortified Wall
43:40 Murder Holes
46:58 Imperial Age
47:08 Imperial Age
46:01 Bow Saw
48:52 Chemistry
47:23 Cavalier
49:24 Conscription
50:24 Chain Barding Armor
50:52 Husbandry
52:38 Chivalry
54:01 Caravan
54:30 Ballistics
54:09 Paladin
Pippo Franco
5:40 Loom
19:55 Feudal Age
21:27 Wheelbarrow
21:06 Man-at-Arms
22:20 Double-Bit Axe
29:56 Castle Age
27:58 Gold Mining
30:41 Squires
31:08 Husbandry
30:31 Long Swordsman
32:49 Gambesons
34:15 Hand Cart
34:24 Forging
35:19 Gold Shaft Mining
39:35 Ballistics
39:34 Padded Archer Armor
39:40 Scale Barding Armor
40:37 Leather Archer Armor
41:44 Scale Mail Armor
41:39 Fletching
47:10 Imperial Age
44:29 Treadmill Crane
44:46 Murder Holes
46:06 Caravan
46:30 Chain Barding Armor
46:11 Scale Mail Armor
46:06 Bodkin Arrow
46:48 Iron Casting
49:01 Chemistry
48:24 Conscription
47:55 Capped Ram
48:54 Bow Saw
49:17 Stone Mining
49:36 Bracer
50:14 Plate Barding Armor
50:10 Ring Archer Armor
49:56 Chain Mail Armor
49:46 Arrowslits
50:50 Hoardings
51:47 Siege Ram
53:30 Heavy Camel Rider
55:33 Elite Cataphract
58:33 Logistica
59:05 Plate Mail Armor
58:19 Horse Collar
59:46 Two-Man Saw
Connection lost

Rejoining the realm…

Still unreachable

The connection could not be restored.

Session expired

The server has moved on; the page needs a fresh start.